 Dungeon Crawl Stone Soup version 0.24-a0-769-g368c1644f8 (webtiles) character file.

Game seed: 8889114428762293602, levelgen mode: deterministic

92187 Johnny the Earth Mage (level 15, -15/124 HPs)
             Began as a Demigod Earth Elementalist on Oct 5, 2019.
             Demolished by a spiny frog (19 damage)
             ... on level 3 of the Lair of Beasts.
             The game lasted 00:55:58 (24755 turns).

Johnny the Earth Mage (Demigod Earth Elementalist) Turns: 24755, Time: 00:55:59

Health: -15/124    AC:  8    Str: 12    XL:     15   Next: 15%
Magic:  36/63      EV: 20    Int: 30    God:
Gold:   2821       SH:  0    Dex: 20    Spells: 20/38 levels left

rFire    + . .     SeeInvis .   I - +2 spear of Ihu Pahiu {drain, *Noise +Inv rPois Stlth+}
rCold    + . .     Gourm    +   (no shield)
rNeg     . . .     Faith    .   Z - +0 troll leather armour
rPois    +         Spirit   .   u - +1 hat
rElec    .         Reflect  .   C - scarf {rC+ rF+}
rCorr    .         Harm     .   l - +0 pair of gloves
MR       +....                  O - +0 pair of boots
Stlth    +++.......             U - amulet "Batsayrph" {Gourm MP+9 Dex+3}
HPRegen  0.70/turn              s - ring of magical power
MPRegen  0.38/turn              K - ring of the Octopus King {MP+9 AC+1 EV+1 Str+1 Int+1 Dex+1}

@: lethally poisoned (-15 -> -20)
A: high mp 1
a: Evoke Invisibility


You were on level 3 of the Lair of Beasts.
You were full.

You visited 3 branches of the dungeon, and saw 20 of its levels.
You also visited: Ossuary, Bailey and Ice Cave.

You collected 2851 gold pieces.
You spent 30 gold pieces at shops.

Inventory:

Hand Weapons
 I - the +2 spear of Ihu Pahiu (weapon) {drain, *Noise +Inv rPois Stlth+}
   (You found it on level 11 of the Dungeon)

   A truly terrible weapon, it drains the life of those it strikes.
   It protects you from poison.
   It lets you turn invisible.
   It may make noises in combat.
   It makes you more stealthy.
Armour
 l - a +0 pair of gloves (worn)
 u - a +1 hat (worn)
 C - a scarf of resistance (worn)
 O - a +0 pair of boots (worn)
 Z - a +0 troll leather armour (worn)
Jewellery
 e - a +4 ring of intelligence {unknown}
 m - an uncursed ring of see invisible
 n - an uncursed ring of protection from magic {unknown}
 s - a ring of magical power (left hand)
 A - an uncursed ring of protection from cold {unknown}
 D - an uncursed ring of poison resistance
 K - a ring of the Octopus King (right hand) {MP+9 AC+1 EV+1 Str+1 Int+1 Dex+1}
   (You found it in an ice cave)

   [ring of magical power]

   It affects your AC (+1).
   It affects your evasion (+1).
   It affects your strength (+1).
   It affects your intelligence (+1).
   It affects your dexterity (+1).
   It affects your magic capacity (+9).
 M - an uncursed ring of ice {unknown}
 P - a +3 ring of dexterity {unknown}
 U - the amulet "Batsayrph" (around neck) {Gourm MP+9 Dex+3}
   (You took it off an orc on level 8 of the Dungeon)

   [amulet of the gourmand]

   It allows you to eat raw meat even when not hungry.
   It affects your dexterity (+3).
   It affects your magic capacity (+9).
 X - the ring "Hiojua Xuawk" {rPois rC+++ Str-2 Dex-2 Stlth+}
   (You took it off a centaur warrior on level 8 of the Dungeon)

   [ring of poison resistance]

   It affects your strength (-2).
   It affects your dexterity (-2).
   It renders you almost immune to cold.
   It protects you from poison.
   It makes you more stealthy.
Wands
 a - a wand of digging (5)
 o - a wand of clouds (6)
 y - a wand of flame (24)
Scrolls
 b - a scroll of silence
 g - 11 scrolls of teleportation
 h - 2 scrolls of torment
 i - a scroll of magic mapping
 j - a scroll of blinking
 k - 10 scrolls of remove curse
 v - a scroll of noise
 G - a scroll of vulnerability
 L - a scroll of summoning
 Q - a scroll of fog
 R - a scroll of holy word
Potions
 c - 2 potions of lignification
 f - a potion of heal wounds
 p - 5 potions of curing
 q - 2 potions of mutation {unknown}
 r - 2 potions of agility
 t - 3 potions of might {unknown}
 w - 4 potions of degeneration {unknown}
 z - a potion of berserk rage {unknown}
 B - 3 potions of resistance
 E - 3 potions of haste {unknown}
 F - 2 potions of magic
 H - 2 potions of cancellation {unknown}
 N - a potion of flight {unknown}
 T - 4 potions of brilliance {unknown}
Comestibles
 d - 40 rations


   Skills:
 - Level 9.2 Fighting
 + Level 9.7 Dodging
 - Level 1.7 Stealth
 + Level 12.1 Spellcasting
 - Level 0.8 Transmutations
 * Level 17.5 Earth Magic


You had 20 spell levels left.
You knew the following spells:

 Your Spells              Type           Power        Failure   Level  Hunger
a - Sandblast             Erth           ######       0%          1    None
b - Stone Arrow           Conj/Erth      ######       1%          3    None
c - Lee's Rapid Deconstr  Erth           #######...   1%          5    ##.....
d - Petrify               Tmut/Erth      ######..     1%          4    None
e - Blink                 Tloc           N/A          5%          2    None
f - Regeneration          Chrm/Necr      ###.......   11%         3    None

Your spell library contained the following spells:

 Spells                   Type           Power        Failure   Level  Hunger
 Passwall                 Tmut/Erth      ######..     1%          2    None
 Animate Skeleton         Necr           N/A          3%          1    None
 Apportation              Tloc           ###...       3%          1    None
 Confusing Touch          Hex            ###...       3%          1    None
 Infusion                 Chrm           ###.         3%          1    None
 Magic Dart               Conj           ###.         3%          1    None
 Summon Small Mammal      Summ           ###.         3%          1    None
 Call Imp                 Summ           ###.....     5%          2    None
 Shroud of Golubria       Chrm/Tloc      ###...       5%          2    None
 Slow                     Hex            ###.....     5%          2    None
 Song of Slaying          Chrm           ###.....     5%          2    None
 Conjure Flame            Conj/Fire      ###.....     11%         3    None
 Mephitic Cloud           Conj/Pois/Air  ###.....     11%         3    None
 Spectral Weapon          Hex/Chrm       ###.....     11%         3    None
 Ice Form                 Ice/Tmut       ###.....     30%         4    None
 Metabolic Englaciation   Hex/Ice        ###.......   69%         5    ##.....
 Bolt of Cold             Conj/Ice       ###.......   99%         6    ####...
 Freezing Cloud           Conj/Ice/Air   ###.......   99%         6    ####...
 Ozocubu's Refrigeration  Ice            ###.......   99%         6    ####...
 Simulacrum               Ice/Necr       ###.......   99%         6    ####...


Dungeon Overview and Level Annotations

Branches:
Dungeon (15/15)            Temple (0/1) D:7            Lair (3/6) D:11
  Swamp (0/4) Lair:3          Orc (2/2) D:11            Elf (0/3) Orc:2
 Vaults (0/5) D:13         Depths (0/5) D:15        Ossuary (visited)
 Bailey (visited)           IceCv (visited)
  Snake: Lair:2-4    Spider: Lair:2-4

Shops:
D:7 (   D:8 }   D:9 (   D:10 [   Orc:2 [:}*


Innate Abilities, Weirdness & Mutations

You have an increased reservoir of magic. (+10% MP)


Message History

You are more poisoned.
The spiny frog poisons you!
You are too injured to fight recklessly!
You hit the plant but do no damage.
The plant is moderately damaged.
You feel very sick. The spiny frog barely misses you.
You are too injured to fight recklessly!
You hit the plant but do no damage.
The plant is moderately damaged.
You feel sick. The spiny frog stings you!
* * * LOW HITPOINT WARNING * * *
The insubstantial wisp blinks!
You are too injured to fight recklessly!
You hit the plant.
The plant is moderately damaged.
* * * LOW HITPOINT WARNING * * *
You feel sick. The spiny frog completely misses you.
The spiny frog stings you!!
You die...

#.........#
##.........#
#P.......>##
#..........#
#.........##
##........#####
#........#P#.#####
##...............§.
#P@F.............§§
#.................§
#.................§
##.................
#.................
#..................
##.................
........v.........


You could see a spiny frog and an insubstantial wisp.

Vanquished Creatures
  Jorgrun (D:13)
  Donald (Orc:2)
  A fire giant (D:10)
  A frost giant (IceCv)
  2 ghouls (D:13)
  A stone giant (D:10)
  A dire elephant (D:15)
  The ghost of Omaricsitoeh the Cleaver, a journeyman GrFi of Okawaru (Lair:2)
  Josephine (D:15)
  A yaktaur captain (D:13)
  5 hydras
  3 centaur warriors
  Erolcha (D:10)
  3 death yaks (IceCv)
  7 two-headed ogres
  An orc high priest (Orc:1)
  Urug (Lair:2)
  Nergalle (Lair:3)
  6 skeletal warriors (D:13)
  A wizard (D:14)
  4 unseen horrors
  A wolf spider zombie (D:13)
  Pikel (D:9)
  An oklob plant (Orc:2)
  5 orc knights
  A wolf spider (D:15)
  6 ugly things
  4 deep elf magi
  6 cyclopes
  A salamander (shapeshifter) (D:14)
  4 manticores
  Joseph (D:7)
  A gargoyle (D:14)
  A spiny frog (shapeshifter) (D:8)
  5 spiny frogs
  3 rime drakes
  2 freezing wraiths (D:15)
  2 yaktaurs (D:13)
  3 komodo dragons
  6 meliai
  2 queen bees
  10 trolls
  11 polar bears (IceCv)
  10 slime creatures
  3 hornets
  9 hippogriffs
  8 wyverns
  5 wraiths
  A vampire (D:11)
  55 yaks
  A steam dragon (D:9)
  4 basilisks
  Menkaure (D:4)
  4 wargs
  Edmund (D:5)
  A soldier ant (D:10)
  4 insubstantial wisps (Lair:3)
  An acid dragon (D:14)
  6 water moccasins
  5 porcupines
  2 phantoms
  4 ice beasts
  8 sky beasts
  A slave (D:9)
  2 black bears
  47 orc warriors
  16 ogres
  A boggart (D:9)
  An eye of draining (D:10)
  14 wolves
  23 centaurs
  7 crocodiles
  4 big kobolds
  3 elf zombies (Ossuary)
  Blork the orc (D:6)
  10 bullfrogs
  A wyvern zombie (D:13)
  A wyvern skeleton (D:9)
  5 scorpions
  47 killer bees
  12 wights
  5 howler monkeys
  An electric eel (Lair:1)
  12 crimson imps
  A quasit (D:11)
  3 bullfrog zombies
  6 centaur zombies
  9 hounds
  5 jellies
  3 bullfrog skeletons
  A human zombie (Ossuary)
  15 orc priests
  20 orc wizards
  7 centaur skeletons
  4 iguanas
  15 worker ants
  Natasha (thrice) (D:3)
  A big kobold zombie (Ossuary)
  2 hound zombies (D:9)
  8 mummies
  A worker ant zombie (D:5)
  4 gnolls (D:10)
  11 adders
  5 shadow imps
  12 white imps (D:11)
  An ooze (D:3)
  5 adder zombies
  An adder skeleton (D:9)
  2 worms
  6 dart slugs
  11 leopard geckos
  85 orcs
  8 bats
  5 giant cockroaches
  3 gnoll zombies (Ossuary)
  5 goblins
  6 hobgoblins
  4 jackals
  3 quokkas
  2 ball pythons (D:5)
  3 frilled lizards
  5 goblin zombies (Ossuary)
  4 hobgoblin zombies (Ossuary)
  A jackal skeleton (D:5)
  4 jackal zombies (Ossuary)
  23 kobolds
  6 kobold zombies (Ossuary)
  4 orc zombies
  A quokka zombie (Ossuary)
  6 rats
  A rat zombie (Ossuary)
  A fungus (Lair:2)
810 creatures vanquished.

Vanquished Creatures (others)
  2 polar bears (IceCv)
  3 slaves (D:9)
  2 wolves (IceCv)
  An orc wizard (Orc:2)
  An orc (Orc:2)
  A fungus (Lair:2)
  2 plants (Lair:2)
  A withered plant (D:13)
13 creatures vanquished.

Grand Total: 823 creatures vanquished

Notes
Turn   | Place    | Note
-------+----------+-------------------------------------------
     0 | D:1      | Johnny the Demigod Earth Elementalist began the quest for
                  | the Orb.
     0 | D:1      | Reached XP level 1. HP: 14/14 MP: 5/5
    45 | D:1      | Reached skill level 3 in Earth Magic
    46 | D:1      | Reached XP level 2. HP: 12/22 MP: 0/7
   433 | D:1      | Reached skill level 1 in Fighting
   749 | D:2      | Reached XP level 3. HP: 27/28 MP: 8/8
  1128 | D:2      | Reached XP level 4. HP: 10/35 MP: 10/10
  1712 | D:3      | Reached skill level 4 in Earth Magic
  1753 | D:3      | Noticed an ice beast
  1820 | D:3      | Noticed Natasha
  1826 | D:3      | Killed Natasha
  2154 | D:3      | Noticed Natasha
  2233 | D:4      | Reached XP level 5. HP: 41/41 MP: 12/12
  2246 | D:4      | Found an iron altar of Okawaru.
  2248 | D:4      | Found a basalt altar of Yredelemnul.
  2526 | D:4      | Noticed Menkaure
  2533 | D:4      | Killed Menkaure
  2533 | D:4      | Reached XP level 6. HP: 50/50 MP: 13/13
  2593 | D:4      | Found an opulent altar of Gozag.
  2605 | D:4      | Reached skill level 5 in Earth Magic
  2717 | D:5      | Entered Level 5 of the Dungeon
  2746 | D:5      | Found a sand-covered staircase.
  2753 | Ossuary  | Entered an ossuary
  3135 | Ossuary  | Reached XP level 7. HP: 30/57 MP: 14/15
  3701 | Ossuary  | HP: 2/57 [elf zombie (8)]
  3724 | Ossuary  | Learned a level 3 spell: Stone Arrow
  4018 | Ossuary  | Reached skill level 6 in Earth Magic
  4061 | D:5      | Learned a level 4 spell: Petrify
  4067 | D:5      | Learned a level 5 spell: Lee's Rapid Deconstruction
  5022 | D:5      | Reached skill level 7 in Earth Magic
  5022 | D:5      | Reached XP level 8. HP: 26/67 MP: 13/18
  5319 | D:5      | Found a hide-covered altar of Uskayaw.
  5710 | D:3      | Killed Natasha
  5948 | D:3      | Noticed Natasha
  5960 | D:3      | Killed Natasha
  6145 | D:6      | Noticed Edmund
  6156 | D:5      | Killed Edmund
  6156 | D:5      | Reached skill level 5 in Fighting
  6156 | D:5      | Reached skill level 5 in Spellcasting
  6307 | D:6      | Reached skill level 8 in Earth Magic
  6630 | D:6      | Reached XP level 9. HP: 31/74 MP: 17/20
  6860 | D:6      | Noticed Blork the orc
  6871 | D:6      | Killed Blork the orc
  6973 | D:6      | Reached skill level 9 in Earth Magic
  7127 | D:6      | Learned a level 2 spell: Blink
  7308 | D:7      | Found Uzeilopo's Weapon Shop.
  7316 | D:7      | Bought 25 stones for 30 gold pieces
  7540 | D:7      | Found a staircase to the Ecumenical Temple.
  7908 | D:7      | Noticed Joseph
  7923 | D:7      | Killed Joseph
  8253 | D:8      | Reached skill level 10 in Earth Magic
  8259 | D:8      | Reached XP level 10. HP: 31/84 MP: 2/23
  8493 | D:8      | Found Iguonad's Gadget Shoppe.
  8519 | D:8      | Noticed a two-headed ogre
  8526 | D:8      | Killed a two-headed ogre
  8544 | D:8      | You fall into a shaft and drop 3 floors!
  8553 | D:11     | Noticed a two-headed ogre
  8559 | D:11     | Killed a two-headed ogre
  8642 | D:11     | Got an iridescent spear
  8644 | D:11     | Identified the cursed +2 spear of Ihu Pahiu {drain, *Noise
                  | +Inv rPois Stlth+} (You found it on level 11 of the
                  | Dungeon)
  8671 | D:11     | Reached skill level 11 in Earth Magic
  8712 | D:11     | Noticed a two-headed ogre
  8718 | D:11     | Killed a two-headed ogre
  8932 | D:11     | Found a staircase to the Lair.
  8974 | D:11     | Found a frozen archway.
  8983 | IceCv    | Entered an ice cave
  9773 | IceCv    | Reached XP level 11. HP: 71/94 MP: 26/26
  9945 | IceCv    | Noticed a death yak
 10063 | IceCv    | Reached skill level 12 in Earth Magic
 10068 | IceCv    | Killed a death yak
 10457 | IceCv    | Noticed a frost giant
 10457 | IceCv    | Noticed a death yak
 10457 | IceCv    | Noticed a death yak
 10470 | IceCv    | Killed a death yak
 10474 | IceCv    | Killed a death yak
 10483 | IceCv    | Killed a frost giant
 10763 | IceCv    | Found the ring of the Octopus King
 10771 | IceCv    | Got a ring of the Octopus King
 10788 | IceCv    | Identified a ring of the Octopus King {MP+9 AC+1 EV+1 Str+1
                  | Int+1 Dex+1} (You found it in an ice cave)
 10912 | D:11     | Found a staircase to the Orcish Mines.
 10933 | D:11     | Reached skill level 13 in Earth Magic
 11714 | D:10     | Entered Level 10 of the Dungeon
 11753 | D:11     | Reached XP level 12. HP: 104/104 MP: 29/29
 11900 | D:10     | Found Woepnefo's Armour Emporium.
 12036 | D:10     | Found a shimmering altar of Xom.
 12040 | D:10     | Found a bloodstained altar of Trog.
 12070 | D:10     | Noticed Erolcha
 12075 | D:10     | Killed Erolcha
 12223 | D:10     | Noticed a stone giant
 12229 | D:10     | Killed a stone giant
 12394 | D:10     | Noticed a fire giant
 12547 | D:9      | Noticed Pikel
 12559 | D:9      | Killed Pikel
 13204 | D:8      | Reached skill level 14 in Earth Magic
 13205 | D:8      | Identified the amulet of Ypaceheel {Harm *Drain MR++ Str+3
                  | Int-4 Dex+2}
 13223 | D:8      | Identified the amulet "Batsayrph" {Gourm MP+9 Dex+3}
 13240 | D:8      | Identified the ring "Hiojua Xuawk" {rPois rC+++ Str-2 Dex-2
                  | Stlth+}
 13240 | D:8      | Noticed a centaur warrior
 13308 | D:8      | Got a wavering bone amulet
 13318 | D:8      | Killed a centaur warrior
 13498 | D:8      | Identified the amulet of Divine Intervention {Spirit *Slow
                  | rPois rN+++ Int-3} (You found it on level 8 of the Dungeon)
 13670 | D:9      | Found a blossoming altar of Fedhas.
 13722 | D:9      | Found a glowing golden altar of the Shining One.
 13740 | D:9      | Found Tit Uqext's Antique Weapon Emporium.
 14262 | D:9      | Noticed a centaur warrior
 14267 | D:9      | Killed a centaur warrior
 14690 | D:10     | Killed a fire giant
 14690 | D:10     | Reached skill level 5 in Dodging
 15094 | D:12     | Reached skill level 10 in Spellcasting
 15101 | D:12     | Reached XP level 13. HP: 92/111 MP: 31/31
 15595 | D:12     | Learned a level 3 spell: Regeneration
 15737 | D:12     | Reached skill level 15 in Earth Magic
 16066 | D:13     | Found a sparkling altar of Nemelex Xobeh.
 16084 | D:13     | Noticed Jorgrun
 16485 | D:13     | Noticed a ghoul
 16530 | D:13     | Noticed a ghoul
 16537 | D:13     | Killed a ghoul
 16693 | D:13     | Killed Jorgrun
 16883 | D:13     | Killed a ghoul
 17511 | D:13     | Found a gate to the Vaults.
 17528 | D:13     | Reached XP level 14. HP: 118/118 MP: 33/33
 17552 | D:13     | You fall into a shaft and drop 1 floor!
 17630 | D:14     | Reached skill level 16 in Earth Magic
 18528 | D:15     | Entered Level 15 of the Dungeon
 18615 | D:15     | Noticed Josephine
 18627 | D:15     | Killed Josephine
 19003 | D:15     | Found a staircase to the Depths.
 19941 | Lair:1   | Entered Level 1 of the Lair of Beasts
 20612 | Orc:1    | Entered Level 1 of the Orcish Mines
 20623 | Orc:1    | Found a flagged portal.
 20633 | Bailey   | Entered a bailey
 21050 | Bailey   | Got a jewelled leather armour
 21753 | Orc:2    | Entered Level 2 of the Orcish Mines
 21957 | Orc:2    | Identified the cursed +0 leather armour of Pathos {Dex+3}
                  | (You found it in a bailey)
 22063 | Orc:2    | Noticed Donald
 22141 | Orc:2    | Killed Donald
 22141 | Orc:2    | Reached skill level 17 in Earth Magic
 22849 | Orc:2    | Found a staircase to the Elven Halls.
 23072 | Orc:2    | Found Olagrev's Book Shop.
 23072 | Orc:2    | Found Julais's Gadget Shoppe.
 23074 | Orc:2    | Found Iddim Xunes's Assorted Antiques.
 23076 | Orc:2    | Found Tapn's Antique Armour Boutique.
 23342 | Lair:2   | Noticed Urug
 23347 | Lair:2   | Killed Urug
 23371 | Lair:2   | Reached XP level 15. HP: 121/124 MP: 8/36
 23534 | Lair:2   | Found a runed translucent door.
 23535 | Lair:2   | Noticed Omaricsitoeh's ghost (journeyman GrFi)
 23582 | Lair:2   | Killed Omaricsitoeh's ghost
 24651 | Lair:3   | Noticed Nergalle
 24657 | Lair:3   | Killed Nergalle
 24698 | Lair:3   | Found a staircase to the Swamp.
 24754 | Lair:3   | HP: 6/124 [spiny frog (9)]
 24755 | Lair:3   | Demolished by a spiny frog

Levels and vault maps discovered:
D:1:      dpeg_arrival_chase, layout_loops_ring, chequers_garden
D:2:      minmay_skewed_foursquare, layout_rooms, first_ration
D:3:      layout_basic, uniq_natasha
D:4:      layout_basic, overflow_temple_1_default,
          chequers_temple_overflow_statue_of_worship, uniq_menkaure
D:5:      layout_cave_pools, lemuel_round_altar, nicolae_ossuary_entry_giza,
          skrybe_limestone_x, glass_columns_b
D:6:      layout_cave_pools, uniq_edmund, uniq_blork_the_orc
D:7:      layout_basic, temple_green, serial_shops, shop, uniq_joseph
D:8:      minmay_the_grid_triangle_9x9_rhombus_full
          [minmay_the_grid_triangle_9x9_steps,
          minmay_the_grid_triangle_9x9_empty,
          minmay_the_grid_triangle_9x9_empty,
          minmay_the_grid_triangle_9x9_from_above,
          minmay_the_grid_triangle_9x9_limited_checkers,
          minmay_the_grid_triangle_9x9_skeleton,
          minmay_the_grid_triangle_9x9_wacky_v,
          minmay_the_grid_triangle_9x9_prize_special], layout_gridville,
          serial_shops, nicolae_shop_statue_plus, david_nohive_1
D:9:      minmay_slanted_spiral_squares, layout_basic,
          nicolae_tso_carved_into_rock, overflow_temple_1_default, serial_shops,
          nicolae_shop_crystal, uniq_pikel
D:10:     layout_cave_pools, serial_shops, shop, jmf_multi_god_temple,
          uniq_erolcha
D:11:     minmay_spotlight, layout_long_grid, lair_entry_dummy, orc_0_dummy,
          portal_ice_cave_entry_imps
D:12:     layout_loops_ring, kennysheep_generic_room_16
D:13:     layout_basic, david_vaults_2, serial_undead, serial_undead_b,
          serial_undead_c, serial_undead_d, serial_undead_d, serial_undead_e,
          drop_trap, nemelex_xobeh_ov_fountains_minmay, uniq_jorgrun
D:14:     layout_loops_ring, gauntlet_entry_generic, minmay_fountain_box,
          grunt_ministairs_7, drop_trap
D:15:     hangedman_depths_entry_try_elsewhere_first, layout_loops_corners,
          chequers_serial_rivers_marsh, uniq_josephine
Lair:1:   layout_hall_layers, serial_bayou_shore_a
Lair:2:   layout_layer_cave, special_room [special_room_bee],
          ebering_ghost_reflecting_pool, grunt_megastairs_2, uniq_urug
Lair:3:   layout_big_grid, minmay_swamp_entry_wisps, uniq_nergalle
Orc:1:    layout_caves, enter_bailey_2
Orc:2:    st_orc_rangers, layout_diamond_mine, mines3_lemuel, uniq_donald

Skill      XL: |  1  2  3  4  5  6  7  8  9 10 11 12 13 14 15 |
---------------+----------------------------------------------+-----
Earth Magic    | 3 4 5 7 8 10 11 13 14 15 17 | 17.5
Spellcasting   | 2 3 4 5 6 7 8 10 11 12 | 12.1
Fighting       | 1 2 3 4 5 6 8 9 |  9.2
Dodging        | 2 5 7 9 |  9.7
Stealth        | |  1.7
Transmutations | |  0.8

Action                   |  1- 3 |  4- 6 |  7- 9 | 10-12 | 13-15 || total
-------------------------+-------+-------+-------+-------+-------++-------
Melee: Dagger            |   106 |   130 |   299 |       |       ||   535
       Whip              |       |       |    27 |       |       ||    27
       Spear             |       |       |       |   178 |   279 ||   457
Throw: Stone             |       |       |       |     1 |     1 ||     2
 Cast: Sandblast         |    21 |    55 |    18 |   133 |   253 ||   480
       Stone Arrow       |       |       |    80 |    40 |   144 ||   264
       Lee's Rapid Decon |       |       |    25 |   116 |   283 ||   424
       Petrify           |       |       |       |     1 |    17 ||    18
       Regeneration      |       |       |       |       |     1 ||     1
Evoke: Wand              |       |       |       |    15 |     7 ||    22
       Box of beasts     |       |       |       |       |     4 ||     4
  Use: Scroll            |       |     1 |    17 |    11 |    14 ||    43
       Potion            |       |       |     3 |     4 |     8 ||    15
 Stab: Sleeping          |     6 |     5 |     3 |     3 |     3 ||    20
       Distracted        |     1 |       |       |     1 |     1 ||     3
       Petrified         |       |       |       |     5 |       ||     5
  Eat: Chunk             |       |     4 |    12 |    31 |    58 ||   105
       Ration            |       |     1 |     4 |     4 |       ||     9
Armor: Robe              |    25 |    26 |    97 |    13 |       ||   161
       Skin              |       |       |     9 |    13 |       ||    22
       Animal skin       |       |       |       |    38 |     3 ||    41
       Troll leather arm |       |       |       |       |   136 ||   136
Dodge: Dodged            |    90 |    83 |   262 |   162 |   603 ||  1200

Table legend:
 A = Non-vault XP
 B = Vault XP
 C = Vault XP percentage of total XP
 D = Non-vault monster count
 E = Vault monster count
 F = Vault count percentage of total count
                 A         B        C        D         E       F
            +---------+---------+-------+---------+---------+-------
      Total |   74285 |   57412 |  43.6 |     526 |     283 |  35.0
            +---------+---------+-------+---------+---------+-------
        D:1 |      46 |       0 |   0.0 |      25 |       0 |   0.0
        D:2 |      79 |      17 |  17.7 |      11 |       6 |  35.3
        D:3 |     261 |      33 |  11.2 |      22 |       1 |   4.3
        D:4 |     261 |     172 |  39.7 |       7 |       1 |  12.5
        D:5 |     968 |     182 |  15.8 |      27 |       4 |  12.9
        D:6 |    1403 |      94 |   6.3 |      28 |       1 |   3.4
        D:7 |     793 |     445 |  35.9 |      15 |       1 |   6.2
        D:8 |    1280 |    4172 |  76.5 |      13 |      36 |  73.5
        D:9 |    1289 |    3044 |  70.3 |      17 |      14 |  45.2
       D:10 |    4366 |    4764 |  52.2 |      40 |       5 |  11.1
       D:11 |    5217 |     942 |  15.3 |      46 |      17 |  27.0
       D:12 |   11783 |     321 |   2.7 |      54 |       2 |   3.6
       D:13 |   11378 |   10929 |  49.0 |      47 |      15 |  24.2
       D:14 |   10685 |     235 |   2.2 |      28 |       1 |   3.4
       D:15 |    5515 |    4545 |  45.2 |      17 |       9 |  34.6
     Lair:1 |    3716 |       0 |   0.0 |      21 |       0 |   0.0
     Lair:2 |    6168 |    4186 |  40.4 |      28 |      28 |  50.0
     Lair:3 |    2304 |    1458 |  38.8 |       9 |       5 |  35.7
      Orc:1 |    3614 |       0 |   0.0 |      20 |       0 |   0.0
      Orc:2 |    3159 |    7183 |  69.5 |      51 |      41 |  44.6
    Ossuary |       0 |     547 | 100.0 |       0 |      40 | 100.0
     Bailey |       0 |    2060 | 100.0 |       0 |      16 | 100.0
      IceCv |       0 |   12083 | 100.0 |       0 |      40 | 100.0
            +---------+---------+-------+---------+---------+-------
